[Event "Titled Tuesday Blitz October 11 Early 2022"]
[White "Zierk, Steven"]
[Black "Halkias, Stelios"]
[WhiteFideId "2034255"]
[BlackFideId "4201809"]
[WhiteElo "2494"]
[BlackElo "2453"]
[Result "1-0"]
[Round "04"]
[TimeControl "180+1"]
[Date "2022.10.11"]
[WhiteClock "0:00:58"]
[BlackClock "0:00:10"]

1. e4 c5 2. Nf3 d6 3. d4 cxd4 4. Nxd4 Nf6 5. Nc3 a6 6. h3 e5 7. Nde2 h5 8. Bg5 Be6 9. Bxf6 Qxf6 10. Nd5 Qd8 11. Nec3 Nd7 12. Bc4 Rc8 13. Qe2 g6 14. O-O Bg7 15. Ne3 Nc5 16. Bxe6 Nxe6 17. Ncd5 Nf4 18. Qf3 Nxd5 19. Nxd5 Rxc2 20. Qb3 Qc8 21. Rfd1 Qc4 22. Qxb7 O-O 23. Ne3 Qc6 24. Qxc6 Rxc6 25. Rd3 Rfc8 26. Rad1 Bf8 27. b3 Rc1 28. Nc4 Rxd1+ 29. Rxd1 Rc6 30. Kf1 f5 31. exf5 gxf5 32. f4 Rc5 33. Nxd6 Bxd6 34. Rxd6 Rc1+ 35. Ke2 e4 36. Rxa6 Rc2+ 37. Kf1 Kf7 38. a4 h4 39. Rd6 Rb2 40. Rd5 Ke6 41. Re5+ Kf6 42. Rb5 e3 43. a5 Rf2+ 44. Ke1 Ke6 45. Re5+ Kd6 46. Rxe3 Rxg2 47. b4 Rb2 48. Ra3 Rxb4 49. a6 1-0


[Site "https://www.chess.com"]

[Event "Titled Tuesday Blitz October 11 Early 2022"]
[White "Zilleruelo Irizarry, Diego"]
[Black "Obrien, Matthew"]
[WhiteFideId "3101460"]
[BlackFideId "2059150"]
[WhiteElo "1998"]
[BlackElo "2542"]
[Result "0-1"]
[Round "04"]
[TimeControl "180+1"]
[Date "2022.10.12"]
[WhiteClock "0:00:09"]
[BlackClock "0:00:08"]

1. e4 c5 2. Nf3 d6 3. d4 cxd4 4. Qxd4 Nc6 5. Qe3 g6 6. Be2 Bg4 7. O-O Nf6 8. Rd1 Qa5 9. Nc3 Bg7 10. a3 O-O 11. Bd2 Qc7 12. Rac1 Bxf3 13. Bxf3 Ne5 14. Be2 Nc4 15. Bxc4 Qxc4 16. b3 Qa6 17. a4 Qc6 18. Nd5 Nxd5 19. exd5 Qxd5 20. Bc3 Qe6 21. Qxe6 fxe6 22. Bxg7 Kxg7 23. Rd4 Rf5 24. Rb4 b6 25. Rc4 Rc5 26. Re4 Kf7 27. c4 Rac8 28. Rce1 e5 29. f4 Ke6 30. g3 a6 31. Rc1 b5 32. fxe5 dxe5 33. axb5 axb5 34. Rce1 bxc4 35. bxc4 Rb8 36. R1e2 Rb4 37. Rc2 h5 38. Kf2 Kf5 39. Re3 e4 40. Rec3 Ke5 41. Ke3 Ra4 42. h4 e6 43. Rc1 Ra2 44. Rb1 Rg2 45. Rb5 Rxg3+ 46. Kd2 Rxc3 47. Rxc5+ Kd4 48. Rg5 e3+ 49. Ke2 Rc2+ 50. Kd1 Rxc4 51. Rxg6 e5 52. Rd6+ Ke4 53. Rh6 Kd3 54. Rd6+ Rd4 55. Rh6 Ke4+ 56. Ke1 Ra4 57. Rxh5 Ra1+ 58. Ke2 Ra2+ 59. Ke1 Kf3 60. Rf5+ Ke4 61. Rh5 Kd3 62. Kf1 Ra1+ 63. Kg2 e2 64. Rxe5 e1=Q 65. Rxe1 Rxe1 66. Kg3 Ke4 67. Kg4 Rg1+ 68. Kh5 Kf4 69. Kh6 Rh1 70. h5 Kg4 71. Kg6 Rxh5 0-1


[Site "https://www.chess.com"]

[Event "Titled Tuesday Blitz October 11 Early 2022"]
[White "Zou, Chen"]
[Black "Villamayor, Buenaventura"]
[WhiteFideId "8610959"]
[BlackFideId "5200393"]
[WhiteElo "2325"]
[BlackElo "2301"]
[Result "1-0"]
[Round "04"]
[TimeControl "180+1"]
[Date "2022.10.12"]
[WhiteClock "0:00:08"]
[BlackClock "0:00:01"]

1. e4 c5 2. Nf3 Nc6 3. d4 cxd4 4. Nxd4 Nf6 5. Nc3 e5 6. Ndb5 d6 7. Bg5 a6 8. Na3 b5 9. Nd5 Be7 10. Bxf6 Bxf6 11. c3 Ne7 12. Nxf6+ gxf6 13. Bd3 Bb7 14. Qe2 d5 15. O-O-O Qb6 16. Kb1 O-O-O 17. exd5 Nxd5 18. g3 Kb8 19. Be4 Qc5 20. Nc2 a5 21. Rd3 Nb6 22. Rhd1 Rxd3 23. Rxd3 Ba6 24. Rd1 Qc7 25. Ne3 Ka7 26. Qf3 Rd8 27. Bxh7 b4 28. Rxd8 Qxd8 29. cxb4 axb4 30. Qd1 Qh8 31. Be4 Qc8 32. h4 Qc5 33. h5 Bb5 34. h6 Ba4 35. Qc1 Qd6 36. h7 Qd8 37. Qh1 1-0


[Site "https://www.chess.com"]

[Event "Titled Tuesday Blitz October 11 Early 2022"]
[White "Acosta Cruz, Oscar Yosimar"]
[Black "Lauridsen, Jesper Morch"]
[WhiteFideId "5111269"]
[BlackFideId "1401890"]
[WhiteElo "2147"]
[BlackElo "2166"]
[Result "0-1"]
[Round "05"]
[TimeControl "180+1"]
[Date "2022.10.12"]
[WhiteClock "0:00:04"]
[BlackClock "0:00:12"]

1. e4 c5 2. Nf3 e6 3. c4 Nc6 4. Nc3 Nf6 5. d4 cxd4 6. Nxd4 Bb4 7. f3 d5 8. Nxc6 bxc6 9. cxd5 exd5 10. Bg5 d4 11. Qa4 Rb8 12. O-O-O Qb6 13. Ne2 Qc5+ 14. Kb1 Qxg5 15. Nxd4 O-O 16. Bc4 Qxg2 17. Rdg1 Qf2 18. Nc2 Bc5 19. Rf1 Qd2 20. Qxc6 Bd4 21. b3 Be5 22. f4 Bc3 23. e5 Bb7 24. Qc7 Be4 25. Rc1 Rfc8 26. Qe7 Rxc4 27. exf6 Bxf6 28. Qd6 Bxc2+ 0-1


[Site "https://www.chess.com"]

[Event "Titled Tuesday Blitz October 11 Early 2022"]
[White "Aguilar, Juan"]
[Black "Ardila, Oscar Humberto"]
[WhiteFideId "3800091"]
[BlackFideId "4404742"]
[WhiteElo "2380"]
[BlackElo "1898"]
[Result "0-1"]
[Round "05"]
[TimeControl "180+1"]
[Date "2022.10.12"]
[WhiteClock "0:00:01"]
[BlackClock "0:00:13"]

1. d4 Nf6 2. c4 e6 3. Nf3 Bb4+ 4. Nbd2 O-O 5. a3 Be7 6. e4 d6 7. b4 Nbd7 8. Bb2 a5 9. g3 c6 10. Bg2 Qc7 11. O-O e5 12. Qb3 Re8 13. Rac1 Bf8 14. Nh4 a4 15. Qc2 exd4 16. Bxd4 c5 17. Bc3 Ne5 18. h3 Be6 19. Ba1 cxb4 20. axb4 b5 21. c5 dxc5 22. bxc5 Nc4 23. f4 Bxc5+ 24. Kh2 Ba3 25. e5 Bxc1 26. Rxc1 Nd5 27. f5 Nde3 28. Qe4 Nxg2 29. Nxg2 Nxd2 30. Rxc7 Nxe4 31. fxe6 Rxe6 32. Nf4 Ree8 33. e6 Rf8 0-1


[Site "https://www.chess.com"]

[Event "Titled Tuesday Blitz October 11 Early 2022"]
[White "Alexikov, Alexander"]
[Black "Skliarov, Viktor"]
[WhiteFideId "14103958"]
[BlackFideId "14106736"]
[WhiteElo "2222"]
[BlackElo "2284"]
[Result "1/2-1/2"]
[Round "05"]
[TimeControl "180+1"]
[Date "2022.10.12"]
[WhiteClock "0:00:16"]
[BlackClock "0:00:17"]

1. e4 c5 2. Nf3 Nc6 3. Bb5 e6 4. Nc3 Nge7 5. O-O a6 6. Bxc6 Nxc6 7. d4 cxd4 8. Nxd4 Qc7 9. Nxc6 dxc6 10. f4 e5 11. fxe5 Bc5+ 12. Kh1 O-O 13. Bf4 Be6 14. Qf3 Rfd8 15. Rad1 Rxd1 16. Rxd1 Rd8 17. Rxd8+ Qxd8 18. Qd3 Qc7 19. h3 h6 20. a3 b5 21. b4 Be7 22. Ne2 Bc4 23. Qd2 Qc8 24. Nd4 c5 25. Nf5 Bf8 26. c3 cxb4 27. axb4 Be6 28. Qd3 Qa8 29. Kh2 Bc4 30. Qe3 a5 31. bxa5 Qxa5 32. Nd6 Be6 33. Qc5 Bxd6 34. exd6 Qa6 35. Be3 Qb7 36. e5 Kh7 37. Qd4 Qd7 38. Qf4 Bd5 39. Bd4 Qe6 40. Qd2 Bc6 41. Qd3+ Kg8 42. Qg3 Kh7 43. h4 Qg6 44. Qf2 Qe4 45. Kh3 Bd7+ 46. Kh2 Bc6 47. Kg3 Qg6+ 48. Kh3 Qe4 49. Kh2 Qg6 50. Qg3 Qxg3+ 51. Kxg3 Kg6 52. Kf4 h5 53. g3 Kh6 54. Bf2 Kg6 55. Be3 Bd7 56. Bf2 Bc6 57. Be3 Bd7 58. Ke4 f6 59. Bf4 fxe5 60. Bxe5 Kf7 61. Kf4 g6 62. Kg5 Be8 63. Bd4 Bd7 64. Bc5 Be8 65. Bb4 Bd7 66. Bc5 Be8 67. Bd4 Bd7 68. Be5 Be8 69. Kf4 Ke6 70. Ke4 Bc6+ 71. Kd4 Be8 72. Bf4 Bd7 73. Kc5 Be8 74. Kb6 Bd7 75. Kc7 Be8 76. Kd8 Bc6 77. Kc7 Bd7 78. Be5 Be8 79. Bf4 Bd7 80. Be3 Be8 81. Bc5 Bd7 82. Kd8 Bc6 83. Kc7 Bd7 84. Kb6 Be8 85. Ka5 Bd7 86. Kb4 Be8 87. c4 bxc4 88. Kxc4 Bd7 89. Kd4 Be8 90. Ke4 Bd7 91. Kf4 Be8 92. Ba3 Bd7 93. Kg5 Kf7 94. Bb4 Be8 95. Ba3 Bd7 96. Bb4 Be8 97. Ba3 Bd7 1/2-1/2


[Site "https://www.chess.com"]

[Event "Titled Tuesday Blitz October 11 Early 2022"]
[White "Ali Abdullahi, Farah"]
[Black "Ianov, Viktor"]
[WhiteFideId "16100212"]
[BlackFideId "14102730"]
[WhiteElo "2303"]
[BlackElo "2152"]
[Result "0-1"]
[Round "05"]
[TimeControl "180+1"]
[Date "2022.10.12"]
[WhiteClock "0:00:12"]
[BlackClock "0:01:01"]

1. d4 d6 2. Nf3 g6 3. c4 Bg7 4. Nc3 Bg4 5. Bg5 Nc6 6. e3 Nf6 7. Bxf6 Bxf6 8. Be2 O-O 9. O-O e5 10. h3 Bd7 11. Nd5 Bg7 12. Rc1 exd4 13. exd4 Re8 14. a3 a6 15. Re1 Ne7 16. Bf1 c6 17. Nc3 Be6 18. b4 d5 19. c5 b5 20. a4 Nf5 21. Ra1 Nh4 22. Ne5 Qc7 23. g3 Nf5 24. Nf3 Nxg3 25. fxg3 Qxg3+ 26. Kh1 Bxh3 27. Bxh3 Qxh3+ 28. Nh2 Qxc3 29. axb5 axb5 30. Rc1 Qxd4 31. Qf3 Rxe1+ 32. Rxe1 Qxb4 33. Rf1 Rf8 34. Qf2 Bd4 35. Qg3 Qxc5 36. Ng4 Bg7 37. Ne3 Qc3 38. Rf3 Qd4 39. Rf4 Qa1+ 40. Rf1 Qe5 41. Qf3 h5 42. Qf2 Qe4+ 43. Kh2 Be5+ 44. Kg1 Bd4 45. Re1 Re8 46. Kh2 Bxe3 47. Qg3 Bf4 48. Rxe4 Rxe4 49. Qxf4 Rxf4 50. Kg3 g5 51. Kg2 b4 52. Kg3 b3 53. Kg2 b2 54. Kg3 b1=Q 55. Kg2 Qc2+ 56. Kg3 Qd3+ 57. Kg2 Qe2+ 58. Kg3 Qe3+ 59. Kg2 Rf2+ 60. Kg1 Qe1# 0-1


[Site "https://www.chess.com"]

[Event "Titled Tuesday Blitz October 11 Early 2022"]
[White "Aloma Vidal, Robert"]
[Black "Rustemov, Alexander"]
[WhiteFideId "2260409"]
[BlackFideId "4119002"]
[WhiteElo "2435"]
[BlackElo "2815"]
[Result "0-1"]
[Round "05"]
[TimeControl "180+1"]
[Date "2022.10.11"]
[WhiteClock "0:00:18"]
[BlackClock "0:01:11"]

1. e4 e6 2. d4 d5 3. e5 c5 4. c3 Qb6 5. Nf3 Bd7 6. a3 Bb5 7. b4 cxd4 8. Bxb5+ Qxb5 9. cxd4 Nd7 10. Nc3 Qc6 11. Bd2 Nb6 12. b5 Qd7 13. a4 Nc4 14. O-O Ne7 15. h4 h5 16. Bg5 Nf5 17. Ne2 Be7 18. Nf4 Bxg5 19. hxg5 g6 20. g3 Rc8 21. Kg2 Qe7 22. Qd3 Kd7 23. a5 h4 24. g4 h3+ 25. Kh2 Nh4 26. Nxh3 Nxf3+ 27. Qxf3 Nd2 28. Qf6 Nxf1+ 29. Rxf1 Rh7 30. Kg3 Rc3+ 31. f3 Qb4 32. Nf4 Qxb5 33. Nxd5 Qxd5 0-1


[Site "https://www.chess.com"]

[Event "Titled Tuesday Blitz October 11 Early 2022"]
[White "Amgalantengis, Enkh-Amgalan"]
[Black "Aggelis, Nikolaos"]
[WhiteFideId "4903536"]
[BlackFideId "4213220"]
[WhiteElo "1772"]
[BlackElo "2187"]
[Result "1-0"]
[Round "05"]
[TimeControl "180+1"]
[Date "2022.10.12"]
[WhiteClock "0:01:40"]
[BlackClock "0:00:15"]

1. d4 e6 2. c4 d5 3. Nf3 Ne7 4. g3 g6 5. Bg2 Bg7 6. Nbd2 O-O 7. O-O c6 8. Qc2 b6 9. e4 Bb7 10. e5 Nd7 11. b3 Rc8 12. cxd5 cxd5 13. Qd3 Nc6 14. Ba3 Re8 15. h4 Ndb8 16. Rfc1 Ba6 17. Qe3 Bf8 18. Bxf8 Rxf8 19. Qh6 f6 20. Bh3 Qe7 21. exf6 Rxf6 22. Ng5 Nd7 23. Re1 Nf8 24. Nf1 Nd8 25. Ne3 Bb7 26. Ng4 Rf5 27. Ne5 Rxe5 28. Rxe5 Qg7 29. Qxg7+ Kxg7 30. Rae1 Rc6 31. Nxe6+ Ndxe6 32. Bxe6 Rc2 33. Bxd5 Bxd5 34. Rxd5 Rxa2 35. Re7+ Kf6 36. Rc7 Ne6 37. Rc6 Ke7 38. Re5 1-0


[Site "https://www.chess.com"]

[Event "Titled Tuesday Blitz October 11 Early 2022"]
[White "Andreikin, Dmitry"]
[Black "Kovalenko, Igor"]
[WhiteFideId "4158814"]
[BlackFideId "14117908"]
[WhiteElo "2736"]
[BlackElo "2574"]
[Result "1/2-1/2"]
[Round "05"]
[TimeControl "180+1"]
[Date "2022.10.11"]
[WhiteClock "0:00:56"]
[BlackClock "0:00:26"]

1. Nf3 d5 2. g3 c6 3. Bg2 Bg4 4. O-O Nd7 5. d3 e6 6. e4 Bd6 7. Nbd2 Ne7 8. b3 O-O 9. Bb2 a5 10. a3 b5 11. h3 Bh5 12. Qe1 b4 13. axb4 axb4 14. Nh4 Qc7 15. f4 f6 16. Ndf3 Ng6 17. Nxg6 Bxg6 18. Nd4 Bc5 19. Kh2 Bxd4 20. Bxd4 Rxa1 21. Bxa1 Qd6 22. Bb2 Ra8 23. Qe3 Ra2 24. Ra1 Rxa1 25. Bxa1 dxe4 26. dxe4 e5 27. Bb2 h6 28. Bc1 c5 29. Bd2 Nb8 30. Bf1 Nc6 31. Bc4+ Bf7 32. Qd3 Qxd3 33. Bxd3 Nd4 34. Kg2 Kf8 35. Kf2 Ke7 36. Be3 Kd6 37. Bxd4 cxd4 38. f5 Ke7 39. g4 Kd6 40. Kg3 Be8 41. h4 Kc5 42. h5 Kd6 43. Kf2 Kc5 44. Kg3 Bc6 45. Kf2 Bb7 1/2-1/2


[Site "https://www.chess.com"]

[Event "Titled Tuesday Blitz October 11 Early 2022"]
[White "Antonio, Jorge Carlos"]
[Black "Devaev, Alexander"]
[WhiteFideId "113190"]
[BlackFideId "4169395"]
[WhiteElo "2247"]
[BlackElo "2225"]
[Result "0-1"]
[Round "05"]
[TimeControl "180+1"]
[Date "2022.10.12"]
[WhiteClock "0:00:37"]
[BlackClock "0:00:36"]

1. d4 Nf6 2. Nf3 e6 3. Bf4 c5 4. e3 Nc6 5. c3 d5 6. Nbd2 Bd6 7. Ne5 Qc7 8. Bb5 O-O 9. Ndf3 a6 10. Bd3 Ne4 11. Qc2 Nf6 12. O-O Bd7 13. Rac1 Rac8 14. Qe2 Rfd8 15. Bb1 Be8 16. Qd3 Ne4 17. Nxc6 Bxf4 18. Nxd8 Bd6 19. Nxe6 fxe6 20. Ne5 Bxe5 21. dxe5 Qxe5 22. f3 Nf6 23. Rce1 Bb5 24. Qd2 Bxf1 25. Rxf1 Rd8 26. g3 Qc7 27. Kg2 e5 28. g4 d4 29. exd4 exd4 30. cxd4 Rxd4 31. Qe2 Qd6 32. Rf2 h6 33. Bf5 b5 34. Qe6+ Qxe6 35. Bxe6+ Kf8 36. h3 Ke7 37. Bf5 Nd5 38. Re2+ Kd8 39. Kg3 g5 40. Re6 Nf4 41. Re1 Rd2 42. Rg1 Ne2+ 43. Kf2 Nxg1+ 44. Kxg1 Rxb2 45. h4 c4 46. hxg5 hxg5 47. a3 Ke7 48. f4 gxf4 49. Kf1 Kf6 50. Bc8 a5 51. Ba6 c3 52. Ke1 Rb1+ 53. Ke2 c2 0-1


[Site "https://www.chess.com"]

[Event "Titled Tuesday Blitz October 11 Early 2022"]
[White "Asavasaetakul, Chawit"]
[Black "Navalgund, Niranjan"]
[WhiteFideId "6204856"]
[BlackFideId "5030854"]
[WhiteElo "1919"]
[BlackElo "2294"]
[Result "0-1"]
[Round "05"]
[TimeControl "180+1"]
[Date "2022.10.12"]
[WhiteClock "0:00:02"]
[BlackClock "0:01:36"]

1. e4 e5 2. Nf3 Nf6 3. Nc3 d5 4. exd5 e4 5. Ne5 Bd6 6. Nc4 O-O 7. Ne3 c6 8. dxc6 Nxc6 9. d4 exd3 10. Bxd3 Ne5 11. Be2 a6 12. O-O Re8 13. b3 Qc7 14. Bb2 Be6 15. h3 Rad8 16. Qc1 Ng6 17. Rd1 Nf4 18. Bf3 Bxh3 19. gxh3 Nxh3+ 20. Kf1 Be5 21. Ncd5 Nxd5 22. Rxd5 Bxb2 23. Qxb2 Qh2 24. Bg2 Qg1+ 25. Ke2 Qxf2+ 26. Kd3 Qxe3+ 27. Kc4 b5+ 28. Kb4 Rxd5 29. Bxd5 a5+ 30. Kxa5 Qd2+ 31. b4 Qxd5 32. Re1 Ra8+ 33. Kb6 Rb8+ 34. Ka5 Qa8# 0-1


[Site "https://www.chess.com"]

[Event "Titled Tuesday Blitz October 11 Early 2022"]
[White "Azarov, Sergei"]
[Black "Azadaliyev, Jahandar"]
[WhiteFideId "13501470"]
[BlackFideId "13425811"]
[WhiteElo "2774"]
[BlackElo "2589"]
[Result "1-0"]
[Round "05"]
[TimeControl "180+1"]
[Date "2022.10.12"]
[WhiteClock "0:00:04"]
[BlackClock "0:00:04"]

1. e4 c6 2. d4 d5 3. e5 Bf5 4. Nf3 e6 5. Be2 Nd7 6. O-O Ne7 7. Nbd2 h6 8. Nb3 Qc7 9. a4 g5 10. Ne1 Rg8 11. Bd3 Bxd3 12. Nxd3 Nf5 13. a5 c5 14. dxc5 Nxc5 15. Nbxc5 Bxc5 16. Ra4 Kf8 17. Kh1 Kg7 18. f4 Rac8 19. Qh5 Qc6 20. fxg5 hxg5 21. Bxg5 Kf8 22. Raf4 Rc7 23. g4 Be3 24. gxf5 d4+ 25. R1f3 Bxf4 26. Bxf4 Qxc2 27. Bg3 Qd1+ 28. Kg2 Rc2+ 29. Nf2 Rxf2+ 30. Kxf2 Qd2+ 31. Kg1 Ke7 32. fxe6 fxe6 33. Qf7+ Kd8 34. Qxg8+ Kc7 35. Qf7+ Kc6 36. Qxe6+ Kb5 37. Qb3+ Kc5 38. Qd3 Kd5 39. Qxd2 Kc5 1-0


[Site "https://www.chess.com"]

[Event "Titled Tuesday Blitz October 11 Early 2022"]
[White "Baches Garcia, Guillermo"]
[Black "Fajdetic, Hrvoje"]
[WhiteFideId "2209764"]
[BlackFideId "14501945"]
[WhiteElo "2455"]
[BlackElo "2172"]
[Result "1-0"]
[Round "05"]
[TimeControl "180+1"]
[Date "2022.10.12"]
[WhiteClock "0:02:13"]
[BlackClock "0:00:05"]

1. e4 c5 2. Nf3 a6 3. c4 Nc6 4. Nc3 g6 5. d4 cxd4 6. Nxd4 Bg7 7. Be3 d6 8. f3 Qb6 9. Nf5 Qxb2 10. Nxg7+ Kf8 11. Nd5 Kxg7 12. Rb1 Qxa2 13. Ra1 Qb2 14. Bd2 e5 15. Bc3 Qxa1 16. Qxa1 Nge7 1-0


[Site "https://www.chess.com"]

[Event "Titled Tuesday Blitz October 11 Early 2022"]
[White "Bacrot, Etienne"]
[Black "Bortnyk, Olexandr"]
[WhiteFideId "605506"]
[BlackFideId "14120828"]
[WhiteElo "2666"]
[BlackElo "2723"]
[Result "0-1"]
[Round "05"]
[TimeControl "180+1"]
[Date "2022.10.11"]
[WhiteClock "0:00:10"]
[BlackClock "0:00:25"]

1. e4 Nf6 2. e5 Nd5 3. c4 Nb6 4. Nc3 d6 5. exd6 exd6 6. d4 Be7 7. Nf3 O-O 8. Bd3 Bg4 9. h3 Bh5 10. O-O Nc6 11. g4 Bg6 12. Bxg6 fxg6 13. d5 Ne5 14. Nxe5 dxe5 15. Qe2 Bc5 16. Be3 Bd4 17. Rad1 Bxc3 18. bxc3 Qh4 19. Kg2 e4 20. c5 Rf3 21. Rh1 Nd7 22. Qc4 Raf8 23. Rd2 Rxe3 24. d6+ Kh8 25. fxe3 Rf3 26. Rf1 Rxh3 27. Kg1 Rh1+ 0-1


[Site "https://www.chess.com"]

[Event "Titled Tuesday Blitz October 11 Early 2022"]
[White "Begunov, Konstantin"]
[Black "Slaby, Jerzy"]
[WhiteFideId "4118510"]
[BlackFideId "1121405"]
[WhiteElo "2225"]
[BlackElo "2542"]
[Result "0-1"]
[Round "05"]
[TimeControl "180+1"]
[Date "2022.10.12"]
[WhiteClock "0:00:07"]
[BlackClock "0:00:09"]

1. d4 Nf6 2. c4 g6 3. f3 Bg7 4. e4 d6 5. Nc3 O-O 6. Be3 a6 7. a3 Nc6 8. Nge2 Rb8 9. b4 Bd7 10. Qd2 b5 11. cxb5 axb5 12. d5 Ne5 13. Nd4 c6 14. dxc6 Nxc6 15. Ndxb5 d5 16. exd5 Nxd5 17. Qxd5 Rxb5 18. Nxb5 Bxa1 19. Be2 e6 20. Qd1 Be5 21. O-O Qe7 22. f4 Bb8 23. Bc5 Qd8 24. Bxf8 Kxf8 25. Qd2 Qb6+ 26. Kh1 Be8 27. Rd1 h5 28. Qc3 Bxf4 29. Qh8+ Ke7 30. Rf1 Qe3 31. Bf3 Be5 32. Qg8 Qf4 33. g3 Qe3 34. Bg2 h4 35. gxh4 Qe2 36. h5 Qxh5 37. h3 Qh4 38. Rf3 Qe1+ 39. Rf1 Qg3 40. Kg1 Qh2+ 41. Kf2 Nd4 42. Nxd4 Bxd4+ 43. Kf3 Bc6+ 44. Kg4 Qxg2+ 45. Kh4 Bf2+ 46. Rxf2 Qxf2+ 47. Kg5 Qf6+ 48. Kh6 g5+ 49. Kh5 Bf3# 0-1


[Site "https://www.chess.com"]

[Event "Titled Tuesday Blitz October 11 Early 2022"]
[White "Bethke, Richard"]
[Black "Polanco Nunez, Yoel Estarling"]
[WhiteFideId "12959243"]
[BlackFideId "6401783"]
[WhiteElo "2369"]
[BlackElo "2132"]
[Result "1-0"]
[Round "05"]
[TimeControl "180+1"]
[Date "2022.10.12"]
[WhiteClock "0:01:07"]
[BlackClock "0:01:16"]

1. e4 e5 2. Nf3 Nc6 3. Bc4 Nf6 4. d3 Bc5 5. O-O d6 6. c3 a6 7. Re1 Ba7 8. h3 h6 9. d4 O-O 10. Bb3 Re8 11. Bc2 exd4 12. cxd4 Nb4 13. Nc3 Nxc2 14. Qxc2 c5 15. dxc5 Bxc5 16. Bf4 b5 17. Rad1 Bb7 18. a3 Rc8 19. b4 Bxe4 20. Nxe4 Nxe4 21. bxc5 Rxc5 22. Qd3 Rc3 23. Qd5 Rc4 24. Ne5 Nf6 25. Qxf7+ Kh8 26. Nxc4 1-0


[Site "https://www.chess.com"]

[Event "Titled Tuesday Blitz October 11 Early 2022"]
[White "Biriukov, Ilja"]
[Black "Agasarov, Benik"]
[WhiteFideId "4113373"]
[BlackFideId "13314823"]
[WhiteElo "2426"]
[BlackElo "2152"]
[Result "0-1"]
[Round "05"]
[TimeControl "180+1"]
[Date "2022.10.12"]
[WhiteClock "0:00:43"]
[BlackClock "0:00:42"]

1. e4 c5 2. Nc3 d6 3. Nf3 a6 4. d4 cxd4 5. Nxd4 Nf6 6. Be3 e5 7. Nb3 Be6 8. Qd2 Be7 9. O-O-O Ng4 10. Kb1 Nxe3 11. Qxe3 Nd7 12. f3 Rc8 13. g4 h5 14. Be2 hxg4 15. fxg4 Nb6 16. h4 Nc4 17. Bxc4 Rxc4 18. g5 b5 19. Nd5 Bxd5 20. exd5 Rcxh4 21. Rxh4 Rxh4 22. g6 fxg6 23. Qg3 Rh6 24. Rf1 Bf6 25. Qg4 Qd7 26. Qf3 Kf7 27. Na5 Kg8 28. Nc6 Qf5 29. Qe2 Qh5 30. Qd3 Qh3 31. Qe3 Qxf1+ 0-1


[Site "https://www.chess.com"]

[Event "Titled Tuesday Blitz October 11 Early 2022"]
[White "Boraso, Alessio"]
[Black "Ciuffoletti, Paolo"]
[WhiteFideId "848077"]
[BlackFideId "807630"]
[WhiteElo "2286"]
[BlackElo "2143"]
[Result "1-0"]
[Round "05"]
[TimeControl "180+1"]
[Date "2022.10.12"]
[WhiteClock "0:00:05"]
[BlackClock "0:00:14"]

1. e4 c5 2. Nf3 Nc6 3. Nc3 Nf6 4. Bb5 a6 5. Bxc6 dxc6 6. d3 g6 7. Be3 Nd7 8. Qd2 Bg7 9. h4 h5 10. Ng5 Qa5 11. f4 Bd4 12. O-O Nf6 13. e5 Ng4 14. Bxd4 cxd4 15. Nce4 Qxd2 16. Nxd2 Ne3 17. Rfc1 Bg4 18. Nf1 Nf5 19. c3 dxc3 20. bxc3 Nxh4 21. Ne3 Nf5 22. Nxg4 hxg4 23. Kf2 O-O 24. Rab1 b5 25. d4 Rac8 26. Ne4 Kg7 27. a4 Rb8 28. a5 Rfc8 29. Nc5 e6 30. Ra1 Ra8 31. Nd7 Rc7 32. Nc5 Ne7 33. Kg3 Nd5 34. Kxg4 Ne3+ 35. Kf3 Nd5 36. g4 Rcc8 37. Ne4 Rh8 38. Rh1 Rab8 39. Rxh8 Rxh8 40. Kg3 Rc8 41. Ra3 f5 42. Nc5 Kf7 43. Nxa6 Ra8 44. Nb4 Ne3 45. gxf5 gxf5 46. Nxc6 Nc4 47. Ra2 Ra6 48. Nb4 Rxa5 49. Rxa5 Nxa5 50. Kf3 Nb3 51. Ke2 Na5 52. Kd3 Nc4 53. Nc6 Ke8 54. Na7 Na3 55. d5 Kd7 56. d6 Kd8 57. Kd4 Kd7 58. Kc5 Nb1 59. Nxb5 Nd2 60. c4 Ne4+ 61. Kb6 Nf2 62. c5 Nd3 63. c6+ Kd8 64. c7+ Kd7 65. Na7 Ke8 66. c8=Q+ 1-0


[Site "https://www.chess.com"]

[Event "Titled Tuesday Blitz October 11 Early 2022"]
[White "Borgaonkar Akshay"]
[Black "Wirig, Anthony"]
[WhiteFideId "25639110"]
[BlackFideId "615013"]
[WhiteElo "2063"]
[BlackElo "2474"]
[Result "1-0"]
[Round "05"]
[TimeControl "180+1"]
[Date "2022.10.12"]
[WhiteClock "0:00:44"]
[BlackClock "0:00:04"]

1. Nf3 c5 2. e4 g6 3. Bc4 Bg7 4. c3 e6 5. d4 cxd4 6. Nxd4 a6 7. O-O Qc7 8. Bb3 Ne7 9. Be3 d6 10. Nd2 O-O 11. f4 b6 12. f5 exf5 13. exf5 Nxf5 14. Nxf5 Bxf5 15. Rxf5 gxf5 16. Qf3 Nc6 17. Qxf5 Rfe8 18. Bf4 Ne5 19. Rf1 Ra7 20. Ne4 Kh8 21. Ng5 Qc5+ 22. Kh1 Kg8 23. Qxh7+ Kf8 24. Bxe5 Rxe5 25. Nxf7 Qf2 26. Qg8+ Kxg8 27. Nxe5+ Kh8 28. Ng6+ Kh7 29. Rxf2 Kxg6 30. Bc2+ Kg5 31. Rf5+ Kh6 32. g4 Be5 33. Rh5+ 1-0


[Site "https://www.chess.com"]

[Event "Titled Tuesday Blitz October 11 Early 2022"]
[White "Boros, Denes"]
[Black "Dehtiarov, Roman"]
[WhiteFideId "722340"]
[BlackFideId "14186640"]
[WhiteElo "2782"]
[BlackElo "2601"]
[Result "1-0"]
[Round "05"]
[TimeControl "180+1"]
[Date "2022.10.12"]
[WhiteClock "0:00:16"]
[BlackClock "0:00:03"]

1. d4 Nf6 2. Nc3 d5 3. Nf3 e6 4. Bg5 Be7 5. e3 O-O 6. Bd3 c5 7. dxc5 Nc6 8. O-O h6 9. Bf4 Bxc5 10. e4 d4 11. Ne2 Re8 12. Ne5 Nxe5 13. Bxe5 Nd7 14. Bxd4 Bxd4 15. Nxd4 Qb6 16. Nb3 Ne5 17. Kh1 Bd7 18. Be2 Bc6 19. f4 Ng6 20. Bd3 e5 21. f5 Nf4 22. f6 g6 23. Qg4 Rad8 24. Nd2 Nxd3 25. Qh4 Kh7 26. Nf3 Rh8 27. cxd3 Qxb2 28. Rad1 Qxa2 29. Nxe5 Qe6 30. d4 Bb5 31. Rfe1 Rxd4 32. Rxd4 Qxe5 33. Rd5 Qe8 34. e5 Bc6 35. Rd6 Qb8 36. Re3 Rd8 37. Rh3 h5 38. Qg5 Rh8 39. Rxh5+ Kg8 40. Rxh8+ Kxh8 41. Qh6+ Kg8 42. Qg7# 1-0


[Site "https://www.chess.com"]

[Event "Titled Tuesday Blitz October 11 Early 2022"]
[White "Broca Jimenez, Fernando"]
[Black "Atanasov, Anthony"]
[WhiteFideId "5104742"]
[BlackFideId "2623897"]
[WhiteElo "2062"]
[BlackElo "2048"]
[Result "0-1"]
[Round "05"]
[TimeControl "180+1"]
[Date "2022.10.12"]
[WhiteClock "0:00:06"]
[BlackClock "0:00:55"]

1. e4 e5 2. Nf3 Nf6 3. Nxe5 d6 4. Nf3 Nxe4 5. d4 d5 6. Bd3 Bd6 7. O-O O-O 8. c4 c6 9. Nc3 Nxc3 10. bxc3 dxc4 11. Bxc4 Bf5 12. Bg5 Qa5 13. Qd2 Nd7 14. Rfe1 Rae8 15. h3 h6 16. Bh4 Nb6 17. Bb3 Qa6 18. Rxe8 Rxe8 19. Re1 Rxe1+ 20. Qxe1 Bg6 21. Ne5 Bxe5 22. Qxe5 Nc4 23. Qe8+ Kh7 24. Qe2 b5 25. Be7 Qb7 26. Bc5 Na5 27. Qe7 Qxe7 28. Bxe7 Nxb3 29. axb3 Bc2 30. b4 a6 31. f3 Kg6 32. Kf2 Kf5 33. Ke3 Ke6 34. Bf8 Kf6 35. g3 h5 36. h4 g6 37. g4 Ke6 38. gxh5 gxh5 39. Kf4 Bd1 40. Ke3 Kd5 41. f4 Kc4 42. Kd2 Bg4 43. Be7 Bf5 44. Bd8 Kd5 45. Bg5 Ke4 46. Bh6 Kf3 47. Bg5 Kf2 48. Bf6 Be6 49. Bg5 Kf3 50. Kd3 Bc4+ 51. Kd2 Bf1 52. Kc2 Ke3 53. Kb2 Kd3 54. Bf6 Bh3 55. Bg5 Bf5 56. Bf6 Be6 57. Bg5 Bd5 58. Bh6 Ke4 59. Bg5 Kf5 60. Kc2 f6 61. Bh6 Kg4 62. Bg7 f5 63. Kd2 Kxh4 64. Ke3 Kg3 65. Bf6 Be4 66. Bg5 h4 67. Ke2 0-1


[Site "https://www.chess.com"]